 Dungeon Crawl Stone Soup version 0.20.1-1-g8b1a95d (webtiles) character file.

30 InnerFear the Stinger (level 3, 0/24 HPs)
             Began as a Demonspawn Venom Mage on Sept 24, 2017.
             Slain by an orc wizard
             ... wielding a +0 dagger
              (3 damage)
             ... on level 1 of the Dungeon.
             The game lasted 00:21:54 (1067 turns).

InnerFear the Stinger (Demonspawn Venom Mage)       Turns: 1067, Time: 00:21:55

Health: 0/24       AC:  4    Str:  8    XL:     3   Next: 5%
Magic:  0/6        EV: 12    Int: 17    God:
Gold:   83         SH:  0    Dex: 13    Spells: 6/7 levels left

rFire    . . .     SeeInvis .   e - +0 club
rCold    . . .     Gourm    .   (no shield)
rNeg     . . .     Faith    .   a - +0 robe
rPois    .         Spirit   .   (helmet restricted)
rElec    .         Reflect  .   (no cloak)
rCorr    .         Harm     .   (no gloves)
MR       .....                  (no boots)
Stlth    ++........             (no amulet)
Regen    0.1/turn               (no ring)
MPRegen  0.1/turn               (no ring)

@: no status effects
A: horns 1, slimy green scales 1
a: no special abilities


You were on level 1 of the Dungeon.
You were not hungry.

You visited 1 branch of the dungeon, and saw 1 of its levels.

You collected 83 gold pieces.

Inventory:

Hand Weapons
 e - a +0 club (weapon)
 g - a +0 club
 j - a +2 spear of piercing
 l - a +0 club
 m - a +0 dagger
Missiles
 d - 12 sling bullets
 h - 3 curare-tipped needles
 o - 3 javelins (quivered)
Armour
 a - a +0 robe (worn)
Scrolls
 i - a scroll of remove curse {unknown}
 k - a scroll of magic mapping {unknown}
 n - a scroll of random uselessness {unknown}
 p - a scroll of amnesia {unknown}
Books
 b - a Young Poisoner's Handbook

   Spells                             Type                      Level
   a - Sting                          Conjuration/Poison           1
   b - Poisonous Vapours              Poison/Air                   2
   c - Mephitic Cloud                 Conjuration/Poison/Air       3
   d - Olgreb's Toxic Radiance        Poison                       4
   e - Venom Bolt                     Conjuration/Poison           5
Comestibles
 c - a chunk of flesh


   Skills:
 - Level 2.0 Dodging
 - Level 1.8 Stealth
 + Level 2.5 Spellcasting
 - Level 1.0 Conjurations
 + Level 3.6 Poison Magic


You had 6 spell levels left.
You knew the following spells:

 Your Spells              Type           Power        Failure   Level  Hunger
a - Sting                 Conj/Pois      ##..         7%          1    #......


Dungeon Overview and Level Annotations

Branches:
Dungeon (1/15)

Altars:

Annotations:
D:1 1 exclusion


Innate Abilities, Weirdness & Mutations

You have a pair of small horns on your head.
You are partially covered in slimy green scales. (AC +2)


Message History

Aiming: Sting
Press: ? - help, Shift-Dir - straight line, f/p - orc wizard
Aim: an orc wizard, wielding a dagger and wearing a robe (heavily wounded, fast)
The sting hits the orc wizard.
The orc wizard appears unharmed.
The orc wizard is heavily wounded.
The orc wizard closely misses you.
The orc hits you from afar with a trident.
The orc wizard hits you but does no damage.
The orc wizard hits you with a dagger.
* * * LOW HITPOINT WARNING * * *
The orc hits you from afar with a trident.
* * * LOW HITPOINT WARNING * * *
The orc wizard hits you but does no damage.
Casting: Sting
Confirm with . or Enter, or press ? or * to list all spells.
Aiming: Sting
Press: ? - help, Shift-Dir - straight line, f/p - orc wizard
Aim: an orc wizard, wielding a dagger and wearing a robe (heavily wounded, fast)
The sting misses the orc wizard.
The orc wizard hits you with a dagger.
You die...

#.#.§≈.#≈.#.≈#.≈###.#
#.#.≈≈.#≈.#.≈#8≈....#
#.#.≈≈.#≈.#.≈#.≈.#### #≈
#.#.§§§#≈...≈#.≈.#######
#≈8#.#.≈≈.#≈≈≈≈≈#8≈.......#
#≈.##############.≈######.#
#≈..8..........8..≈# #...#
..# ≈≈≈≈≈≈≈≈≈≈≈≈≈≈≈≈≈≈#
##### #.# #.....o@..#######
##.######.#.#o###.#
.#.......#.#...# .#
###......#.#.### #
..#........#.#
#.#..........#
#.)..........#
..#.#####....# ..#.# #....#


You could see an orc wizard and an orc.

Vanquished Creatures
  A leopard gecko (D:1)
  6 giant cockroaches (D:1)
  4 goblins (D:1)
  3 hobgoblins (D:1)
  4 kobolds (D:1)
  A ball python (D:1)
  3 bats (D:1)
  2 frilled lizards (D:1)
  3 rats (D:1)
27 creatures vanquished.

Notes
Turn   | Place    | Note
-------+----------+-------------------------------------------
     0 | D:1      | InnerFear the Demonspawn Venom Mage began the quest for the Orb.
     0 | D:1      | Reached XP level 1. HP: 13/13 MP: 3/3
   272 | D:1      | Gained mutation: You are partially covered in slimy green scales. (AC +2) [demonic ancestry]
   272 | D:1      | Reached XP level 2. HP: 8/19 MP: 0/5
  1011 | D:1      | Gained mutation: You have a pair of small horns on your head. [demonic ancestry]
  1011 | D:1      | Reached XP level 3. HP: 17/24 MP: 6/6
  1067 | D:1      | Slain by an orc wizard

Skill      XL: |  1  2 |
---------------+-------+-----
Dodging        | 2 |  2.0
Stealth        | |  1.8
Spellcasting   | |  2.5
Conjurations   | |  1.0
Poison Magic   | |  3.6

Action                   || total
-------------------------++-------
Melee: Unarmed           ||     7
       Club              ||    38
 Cast: Sting             ||    40
  Use: Potion            ||     1
  Eat: Bread ration      ||     1
Armor: Robe              ||    20
Dodge: Dodged            ||    63
